 Dungeon Crawl Stone Soup version 0.18.1-8-gdd0e5ea (webtiles) character file.

19 Karodes the Conjurer (level 2, 0/19 HPs)
             Began as a Human Conjurer on May 25, 2016.
             Was an Initiate of the Shining One.
             Slain by a jackal (2 damage)
             ... on level 2 of the Dungeon.
             The game lasted 00:09:25 (650 turns).

Karodes the Conjurer (Human Conjurer)                Turns: 650, Time: 00:09:26

Health: 0/19       AC:  2    Str:  8    XL:     2   Next: 95%
Magic:  5/5        EV: 12    Int: 15    God:    the Shining One [......]
Gold:   28         SH:  0    Dex: 13    Spells: 1 memorised, 4 levels left

rFire  . . .     SeeInvis .     e - +0 spear
rCold  . . .     Gourm    .     a - +0 robe
rNeg   . . .     Faith    .     (no shield)
rPois  .         Spirit   .     (no helmet)
rElec  .         Dismiss  .     (no cloak)
rCorr  .         Reflect  .     (no gloves)
SustAt .         Harm     .     (no boots)
MR     .....                    (no amulet)
Stlth  +.........               (no ring)
                                (no ring)

@: glowing, not resistant to hostile enchantments, very unstealthy
A: no striking features
a: Renounce Religion


You were on level 2 of the Dungeon.
You worshipped the Shining One.
The Shining One was noncommittal.
You were not hungry.

You visited 1 branch of the dungeon, and saw 2 of its levels.

You collected 28 gold pieces.

Inventory:

Hand Weapons
 d - a +2 short sword of draining
 e - a +0 spear (weapon)
Missiles
 f - 8 sling bullets
 g - 16 stones (quivered)
 j - 15 poisoned needles
 k - 51 arrows
Armour
 a - a +0 robe (worn)
Scrolls
 h - 2 scrolls of remove curse {unknown}
 i - a scroll of magic mapping {unknown}
 n - a scroll of identify {unknown}
 o - a scroll of random uselessness {unknown}
Potions
 l - a potion of curing {unknown}
 m - a potion of berserk rage {unknown}
 p - a potion of heal wounds {unknown}
Books
 b - a book of Conjurations

   Spells                             Type                      Level
   a - Magic Dart                     Conjuration                  1
   b - Searing Ray                    Conjuration                  2
   c - Dazzling Spray                 Conjuration/Hexes            3
   d - Fulminant Prism                Conjuration/Hexes            4
   e - Iskenderun's Mystic Blast      Conjuration                  4
   f - Iskenderun's Battlesphere      Conjuration/Charms           5
Comestibles
 c - a bread ration


   Skills:
 + Level 2.1 Dodging
 + Level 2.0 Stealth
 * Level 2.0 Spellcasting
 + Level 4.6 Conjurations


You had 4 spell levels left.
You knew the following spells:

 Your Spells              Type           Power        Failure   Level  Hunger
a - Magic Dart            Conj           ###.         3%          1    #......


Dungeon Overview and Level Annotations

Branches:
Dungeon (2/15)

Altars:
The Shining One


Message History

You hit the jackal but do no damage. The jackal bites you.
The jackal bites you but does no damage.
The jackal bites you.
A jackal comes into view.
The jackal barks!
The jackal bites you. x2; The jackal moves out of view.
You hit the jackal.
The jackal is severely wounded.
The jackal bites you. x2; The jackal barely misses you. x2
The jackal bites you.
You hit the jackal.
You kill the jackal!
The jackal closely misses you. x3; The goblin hits you with a dagger.
* * * LOW HITPOINT WARNING * * *
The jackal bites you but does no damage.
You closely miss the goblin. The jackal closely misses you. x2
The jackal bites you.
* * * LOW HITPOINT WARNING * * *
The jackal bites you.
You die...

######+##.h.
#..........
##.........#..#
+..........#..#
#.......h.#..# ..
#.../.s...#..# .#
#..?.hhhh.#..##.###
#.# #@#.##........
.. #.gS...[...#
..##.#.....<#.##
...............#
####..#........#
.....#..#####.#
#####.#..# .#
#.#.... # ..##.###


You could see 6 jackals, a giant cockroach, a goblin and a ball python.

Vanquished Creatures
  A dart slug (D:1)
  2 giant cockroaches
  A goblin (D:1)
  3 hobgoblins (D:1)
  A jackal (D:2)
  A ball python (D:1)
  3 bats (D:1)
  2 kobolds (D:1)
  3 rats (D:1)
17 creatures vanquished.

Notes
Turn   | Place    | Note
--------------------------------------------------------------
     0 | D:1      | Karodes the Human Conjurer began the quest for the Orb.
     0 | D:1      | Reached XP level 1. HP: 13/13 MP: 3/3
    96 | D:1      | Reached XP level 2. HP: 19/19 MP: 3/5
   143 | D:1      | Found a glowing golden altar of the Shining One.
   200 | D:1      | Became a worshipper of the Shining One
   650 | D:2      | Slain by a jackal

Action                   || total
-------------------------++-------
Melee: Short sword       ||     7
       Unarmed           ||     2
       Spear             ||    22
 Cast: Magic Dart        ||    18
Armor: Robe              ||    10
Dodge: Dodged            ||    32
